 Dungeon Crawl Stone Soup version 0.27-a0-860-gaf99fae3ca (webtiles) character file.

Game seed: 2253921768717745418

152 srzhan31 the Magician (level 5, -9/35 HPs)
             Began as a Djinni Fire Elementalist on Apr 1, 2021.
             Killed by divine providence
             ... invoked by an orc priest
              (10 damage)
             ... on level 3 of the Dungeon.
             The game lasted 00:06:59 (4077 turns).

srzhan31 the Magician (Djinni Fire Elementalist)    Turns: 4077, Time: 00:07:00

Health: -9/35      AC:  9    Str:  7    XL:     5   Next: 34%
Gold:   84         EV: 12    Int: 18    God:
                   SH:  0    Dex: 13

rFire    + + .     SeeInvis .   (no weapon)
rCold    x . .     Faith    .   (no shield)
rNeg     . . .     Spirit   .   a - +0 robe
rPois    ∞         Reflect  .   d - +2 helmet
rElec    .         Harm     .   h - +0 cloak
rCorr    .         Rampage  .   i - +2 pair of gloves
Will     .....                  (boots unavailable)
Stlth    ++........             (no amulet)
HPRegen  0.11/turn              (no ring)
MPRegen  0.00/turn              (no ring)

@: flying
A: fire resistance 2, cold vulnerability 1, float, innate caster, hp casting,
extra vitality 1
a: no special abilities


You were on level 3 of the Dungeon.
You visited 1 branch of the dungeon, and saw 3 of its levels.

You collected 84 gold pieces.

Inventory:

Armour
 a - a +0 robe (worn)
 d - a +2 helmet (worn)
 h - a +0 cloak (worn)
 i - a +2 pair of gloves (worn)
Jewellery
 j - a ring of poison resistance
 m - a ring of ice
Scrolls
 b - a scroll of brand weapon {unknown}
 c - a scroll of identify {unknown}
 e - a scroll of holy word {unknown}
 n - a scroll of fear {unknown}
Potions
 f - a potion of haste {unknown}
 g - a potion of attraction {unknown}
 k - a potion of curing {unknown}
 l - a potion of degeneration {unknown}
 o - a potion of resistance {unknown}


   Skills:
 + Level 0.1 Fighting
 + Level 2.4 Dodging
 + Level 1.9 Stealth
 + Level 4.8 Spellcasting


You couldn't memorise any spells.
You knew the following spells:

 Your Spells              Type           Power      Damage    Failure   Level
a - Foxfire               Conj/Fire      84%        2x1d8     1%          1
b - Conjure Flame         Conj/Fire      21%        6-21      5%          3
c - Inner Flame           Hex/Fire       21%        N/A       5%          3
d - Sticky Flame          Conj/Fire      21%        2d4       19%         4
e - Fireball              Conj/Fire      10%        3d6       45%         5
f - Animate Skeleton      Necr           42%        N/A       1%          1
g - Searing Ray           Conj           42%        3d4       2%          2
Your spell library was empty.

Dungeon Overview and Level Annotations

Branches:
Dungeon (3/15)

Altars:


Innate Abilities, Weirdness & Mutations

You are immune to poison.
Your flesh is very heat resistant. (rF++)
You are vulnerable to cold. (rC-)
You float through the air rather than walking.
You learn spells naturally, not from books.
Your magical power is your life essence.
You have superior vitality. (+4 HP)


Message History

You kill the orc!
An orc priest comes into view. It is wielding a +0 mace.
Aiming: Searing Ray (safe; 3% risk of failure)
Press: ? - help, Q - select action, (/) - cycle Shift-Dir - straight line, f - orc priest
Aim: an orc priest, wielding a +0 mace and wearing a +0 ring mail (wandering, hasn't noticed you, 19% to evade)
The searing ray hits the orc priest.
The orc priest is moderately wounded.
The orc priest shouts! (Press . to maintain the ray.)
You hear a shout!
The searing ray hits the orc priest.
The orc priest is heavily wounded.
The orc priest calls down the wrath of Beogh upon you.
Pain shoots through your body!
The searing ray hits the orc priest.
The orc priest is almost dead.
The orc priest invokes the aid of Beogh against you.
You struggle to resist.
The searing ray hits the orc priest!
You kill the orc priest!
You finish channeling your searing ray.
An orc priest comes into view.
It is wielding a +4 hand axe of electrocution.
Aiming: Searing Ray (safe; 2% risk of failure)
Press: ? - help, Q - select action, (/) - cycle Shift-Dir - straight line, f - orc priest
Aim: an orc priest, wielding a +4 hand axe of electrocution and wearing a +0 leather armour (22% to evade)
The searing ray hits the orc priest.
The orc priest is moderately wounded. (Press . to maintain the ray.)
An orc comes into view. It is wielding a +0 short sword.
The searing ray hits the orc priest!
The orc priest is severely wounded.
The orc priest invokes the aid of Beogh against you.
Beogh smites you!
* * * LOW HITPOINT WARNING * * *
The orc shouts!
You hear a shout!
Without enough magic to sustain it, your searing ray dissipates.
An orc comes into view. It is wielding a +0 mace.
The orc priest invokes the aid of Beogh against you.
Beogh smites you!
You die...

. .###..# #...# # . .
......####...# # ..#.
........##.#.####### ....#
###................ .....
####.##..........
..#.#.#######.####.#######
........#.......##.#
...o.oo.......####.#
.##.#.###@###.# #.# # #.#
#.# #.# #.# #.# #.# #.#
#.# #.# ..# #.# #.# ..#
### #.# ..#


You could see an orc priest and 2 orcs.

Vanquished Creatures
  An orc priest (D:3)
  A hound zombie (D:3)
  An adder (D:2)
  3 gnolls (D:2)
  2 worms
  2 orcs (D:3)
  4 endoplasms
  3 giant cockroaches
  8 goblins
  3 hobgoblins
  3 jackals (D:1)
  3 quokkas
  8 ball pythons
  6 bats
  3 frilled lizards
  5 kobolds (D:1)
  6 rats
62 creatures vanquished.

Vanquished Creatures (others)
  286 foxfires
286 creatures vanquished.

Grand Total: 348 creatures vanquished

Notes
Turn   | Place    | Note
-------+----------+-------------------------------------------
     0 | D:1      | srzhan31 the Djinni Fire Elementalist began the quest for
                  | the Orb.
     0 | D:1      | Reached XP level 1. HP: 15/15 MP: 0/0
   332 | D:1      | Reached skill level 3 in Spellcasting
   332 | D:1      | Reached XP level 2. HP: 20/21 MP: 0/0
  1341 | D:1      | Reached XP level 3. HP: 23/25 MP: 0/0
  1341 | D:1      | Learned a level 1 spell: Animate Skeleton
  2240 | D:2      | Found a faded altar of an unknown god.
  3012 | D:2      | Reached XP level 4. HP: 21/31 MP: 0/0
  3178 | D:2      | Reached skill level 4 in Spellcasting
  3962 | D:3      | Reached XP level 5. HP: 29/35 MP: 0/0
  3962 | D:3      | Learned a level 2 spell: Searing Ray
  4074 | D:3      | HP: 1/35 [orc priest/divine providence (14)]
  4077 | D:3      | Killed from afar by an orc priest

Illustrated notes

Levels and vault maps discovered:
D:1:      dpeg_arrival_pond, layout_basic, minmay_pentomino_p2
D:2:      layout_basic, chequers_ecumenical_altar_island, minmay_distorted
D:3:      layout_basic, minmay_checkerbox

Skill      XL: |  1  2  3  4 |
---------------+-------------+-----
Spellcasting   | 3 4 |  4.8
Fighting       | |  0.1
Dodging        | |  2.4
Stealth        | |  1.9

Action                   |  1- 3 |  4- 6 || total
-------------------------+-------+-------++-------
 Cast: Foxfire           |   134 |    50 ||   184
       Inner Flame       |       |     1 ||     1
       Searing Ray       |       |     3 ||     3
Armor: Robe              |     2 |    13 ||    15
Dodge: Dodged            |    12 |     3 ||    15

Table legend: (Time is in decaauts)
 A = Elapsed time spent in this place.
 B = Non-inter-level travel time spent in this place.
 C = Inter-level travel time spent in this place.
 D = Time resting spent in this place.
 E = Time spent auto-exploring this place.
 F = Levels seen in this place.
 G = Mean time per level.
                   A        B        C        D        E       F      G
               +--------+--------+--------+--------+--------+-----+--------+
         Total |   4076 |   4044 |     32 |      0 |   3570 |   3 | 1358.7 |
       Dungeon |   4076 |   4044 |     32 |      0 |   3570 |   3 | 1358.7 |
               +--------+--------+--------+--------+--------+-----+--------+

Top non-repeatable levels by time:
     D:1: 2024 daAuts
     D:2: 1573 daAuts
     D:3: 478 daAuts
